 Dungeon Crawl Stone Soup version 0.20.1-1-g8b1a95d (webtiles) character file.

1146 tidbits the Skirmisher (level 7, 19/67 HPs)
             Began as a Demigod Wanderer on Aug 23, 2017.
             Quit the game on level 4 of the Dungeon.
             The game lasted 00:18:18 (1966 turns).

tidbits the Skirmisher (Demigod Wanderer)           Turns: 1966, Time: 00:18:19

Health: 19/67      AC:  7    Str: 18    XL:     7   Next: 92%
Magic:  9/9        EV: 13    Int: 16    God:
Gold:   203        SH:  0    Dex: 16    Spells: 6/6 levels left

rFire    . . .     SeeInvis +   b - +2 short sword (venom)
rCold    . . .     Gourm    .   (no shield)
rNeg     . . .     Faith    .   B - +0 scale mail
rPois    .         Spirit   .   (no helmet)
rElec    .         Reflect  .   C - +0 cloak
rCorr    .         Harm     .   (no gloves)
MR       .....     Rnd*Tele +   (no boots)
Stlth    ..........             (no amulet)
Regen    0.3/turn               s - ring of teleportation (curse)
MPRegen  0.2/turn               I - ring of see invisible

@: berserk cooldown, slowed, very slow
A: high mp 1
a: no special abilities


You were on level 4 of the Dungeon.
You were not hungry.

You visited 1 branch of the dungeon, and saw 8 of its levels.

You collected 203 gold pieces.

Inventory:

Hand Weapons
 a - a +2 hand crossbow
 b - a +2 short sword of venom (weapon)
   (You took it off an orc priest on level 4 of the Dungeon)
 e - a +0 dire flail of crushing
   (You took it off an orc warrior on level 6 of the Dungeon)
 g - a +0 short sword
 m - a +0 antimagic spear
   (You found it on level 3 of the Dungeon)
 t - a +0 trident
Missiles
 l - 38 arrows
 u - 15 bolts
Armour
 d - a +0 robe
 B - a +0 scale mail (worn)
 C - a +0 cloak (worn)
Jewellery
 s - a cursed ring of teleportation (left hand)
   (You found it on level 4 of the Dungeon)
 I - a ring of see invisible (right hand)
   (You found it on level 6 of the Dungeon)
Wands
 n - a wand of iceblast (1/15)
 w - a wand of iceblast (5/15)
Scrolls
 c - 3 scrolls of teleportation
 h - 2 scrolls of fog
 i - a scroll of enchant armour {unknown}
 k - 2 scrolls of remove curse
 r - a scroll of amnesia
Potions
 j - 2 potions of haste {unknown}
Comestibles
 f - 4 bread rations
 q - 6 fruits


   Skills:
 + Level 7.8 Fighting
 - Level 1.7 Crossbows
 - Level 1.0 Armour
 + Level 6.0 Dodging
 - Level 1.0 Stealth
   Level 1.0 Shields


You had 6 spell levels left.
You didn't know any spells.

Dungeon Overview and Level Annotations

Branches:
Dungeon (8/15)             Temple (0/1) D:6
   Lair: D:8-11


Innate Abilities, Weirdness & Mutations

You have an increased reservoir of magic. (+10% MP)


Message History

The hound barely misses you.
The hound pauses to sniff the ground.
The hound barely misses you.
Found 13 gold pieces.
The iguana closely misses you. The hound closely misses you.
There is an open door here.
The iguana hisses menacingly.
The iguana closely misses you.
Found 6 large rocks.
You open the door. The hound completely misses you.
The iguana closely misses you. The hound bites you.
* * * LOW HITPOINT WARNING * * *
There is an open door here.
As you read the scroll of teleportation, it crumbles to dust.
You feel strangely unstable.
The hound stops to sniff the ground.
The hound barely misses you. The iguana closely misses you.
The hound bites you but does no damage. The hound closely misses you.
The hound pauses to sniff the ground.
You hit the hound.
The hound is poisoned.
The hound is moderately wounded.
The hound bites you but does no damage.
You hit the hound.
The hound looks as sick as possible!
The hound is severely wounded.
Your surroundings suddenly seem different.
Your Dodging skill increases to level 6!
You feel a bit more experienced.
Found a stone staircase leading up.
There is a stone staircase leading up here.
There are no items here.
You climb upwards.
Found 17 arrows and a short sword.
There is a stone staircase leading down here.
You see here 17 arrows.
l - 38 arrows (gained 17)
There is a stone staircase leading down here.
You climb downwards.
There is a stone staircase leading up here.
The iguana hisses angrily.
You open the door.
Found 2 puce potions.
There is an open door here.
Your +2 short sword of venom stops dripping with poison.
a - a +2 hand crossbow (weapon)
Firing (i - inventory):
u - 15 bolts (quivered)
Press: ? - help, Shift-Dir - straight line, f - iguana
Aim: an iguana You shoot a bolt.
The bolt hits the iguana.
The iguana is moderately wounded.
Your +2 short sword of venom begins to drip with poison!
b - a +2 short sword of venom (weapon)
The iguana bites you!
* * * LOW HITPOINT WARNING * * *
You hit the iguana but do no damage.
The iguana is poisoned.
The iguana is moderately wounded.
The iguana bites you but does no damage.
The hound misses you.
You hit the iguana but do no damage.
The iguana looks as sick as possible!
The iguana is heavily wounded.
The hound closely misses you. The iguana bites you!
* * * LOW HITPOINT WARNING * * *
You hit the iguana.
The iguana looks as sick as possible!
The iguana is severely wounded.
The hound barely misses you. The iguana bites you.
* * * LOW HITPOINT WARNING * * *
The hound bites you but does no damage.
It was a potion of berserk rage.
A red film seems to cover your vision as you go berserk!
You feel yourself moving faster!
You feel mighty!
You kill the iguana!
The hound closely misses you.
You feel a strong urge to attack something.
The hound bites you but does no damage. x2
You see here an iguana corpse.
You closely miss the hound.
The hound is moderately wounded.
You miss the hound.
The hound is moderately wounded.
The hound closely misses you.
You puncture the hound!
The hound is poisoned.
The hound is severely wounded.
The hound barely misses you.
You hit the hound.
The hound looks as sick as possible!
The hound is severely wounded.
The hound closely misses you.
You puncture the hound!
You kill the hound!
There is an open door, spattered with blood here.
You see here a bolt.
u - 15 bolts (gained 1)
You feel a strong urge to attack something.
You are no longer berserk.
You are exhausted.
You feel yourself slow down.
You see here an iguana corpse.
You close the door.
You see here 2 puce potions.
j - 2 puce potions Are you sure you want to abandon this character and quit the game? (Confirm with "yes".)

....#........#......'...#
....#........#......#...#
...##..##....#......#...#
...##..##....#......#...#
...##........#......############
.............#......#..#.......#
>..##..#######......#..........#
...###+#.......######....#....<#
...#...#.......#@..#######.....#
...#...#....)..#.†.#...........#
...#...#....[..#.†.+...........#
...##'##.......###+#...........#
...##..##+#...(................#
...#......#..)......############
#......'.........#
########)........#
#............#####


There were no monsters in sight!

Vanquished Creatures
  An orc warrior (D:6)
  An ogre (D:5)
  3 bullfrogs
  2 killer bees (D:7)
  A crimson imp (D:6)
  A jelly (D:7)
  4 hounds
  2 centaur skeletons
  A gnoll shaman (D:7)
  2 orc priests (D:4)
  3 orc wizards
  2 worker ants
  An iguana (D:4)
  A killer bee zombie (D:6)
  A hound skeleton (D:6)
  4 gnolls (D:7)
  6 adders
  An ooze (D:1)
  2 worms
  4 dart slugs
  2 leopard geckos
  12 orcs
  A ball python (D:5)
  2 bats
  2 giant cockroaches
  5 goblins
  7 hobgoblins
  6 jackals
  3 quokkas
  A ball python skeleton (D:5)
  A frilled lizard (D:4)
  4 kobolds
  3 rats
92 creatures vanquished.

Notes
Turn   | Place    | Note
-------+----------+-------------------------------------------
     0 | D:1      | tidbits the Demigod Wanderer began the quest for the Orb.
     0 | D:1      | tidbits set off with: a +2 hand crossbow, 22 bolts, 2 scrolls of teleportation, a +0 robe, a bread ration
     0 | D:1      | Reached XP level 1. HP: 22/22 MP: 3/3
   101 | D:1      | Reached XP level 2. HP: 27/28 MP: 4/4
   102 | D:1      | Reached skill level 1 in Dodging
   201 | D:1      | Reached skill level 5 in Fighting
   244 | D:1      | Reached XP level 3. HP: 17/36 MP: 5/5
   291 | D:2      | Reached skill level 2 in Dodging
   422 | D:3      | Reached XP level 4. HP: 32/42 MP: 6/6
   751 | D:4      | Reached skill level 3 in Dodging
   755 | D:4      | Reached XP level 5. HP: 50/50 MP: 7/7
   857 | D:4      | Reached skill level 6 in Fighting
   910 | D:5      | Entered Level 5 of the Dungeon
   931 | D:5      | Noticed an ogre
   947 | D:5      | Killed an ogre
   947 | D:5      | Reached XP level 6. HP: 42/57 MP: 8/8
  1102 | D:5      | Reached skill level 4 in Dodging
  1253 | D:7      | Reached XP level 7. HP: 42/64 MP: 9/9
  1388 | D:7      | Reached skill level 7 in Fighting
  1388 | D:7      | Reached skill level 5 in Dodging
  1506 | D:6      | Found a staircase to the Ecumenical Temple.
  1564 | D:6      | Found an ancient bone altar of Kikubaaqudgha.
  1565 | D:6      | Found a blossoming altar of Fedhas.
  1913 | D:4      | Reached skill level 6 in Dodging
  1966 | D:4      | Quit the game

Skill      XL: |  1  2  3  4  5  6  7 |
---------------+----------------------+-----
Dodging        | 1 2 3 4 6 |  6.0
Fighting       | 5 6 7 |  7.8
Crossbows      | |  1.7
Armour         | |  1.0
Stealth        | |  1.0
Shields        | |  1.0

Action                   |  1- 3 |  4- 6 |  7- 9 || total
-------------------------+-------+-------+-------++-------
Melee: Spear             |       |     3 |       ||     3
       Short sword       |       |    32 |    35 ||    67
       Unarmed           |       |       |    12 ||    12
 Fire: Hand crossbow     |    81 |    62 |    48 ||   191
Evoke: Wand              |       |       |     3 ||     3
  Use: Scroll            |       |     3 |     5 ||     8
       Potion            |       |     1 |     3 ||     4
  Eat: Chunk             |       |     1 |     1 ||     2
       Royal jelly       |       |       |     1 ||     1
Armor: Robe              |     5 |    10 |     7 ||    22
       Skin              |       |       |    15 ||    15
       Scale mail        |       |       |    12 ||    12
Dodge: Dodged            |    16 |    42 |    88 ||   146

Table legend:
 A = Turns spent in this place as a percentage of turns spent in the entire game.
 B = Non-inter-level travel turns spent in this place as a percentage of non-inter-level travel turns spent in the entire game.
 C = Inter-level travel turns spent in this place as a percentage of turns spent in this place.
 D = Turns resting spent in this place as a percentage of non-inter-level travel turns spent in this place.
 E = Turns spent auto-exploring this place as a percentage of non-inter-level travel turns spent in this place.
 F = Non-inter-level travel turns spent in this place divided by the number of levels of this place that you've seen.
                   A       B       C       D       E      F
               +-------+-------+-------+-------+-------+----------------------
         Total | 100.0 | 100.0 |   0.2 |   0.0 |   0.0 | 217.8
       Dungeon | 100.0 | 100.0 |   0.2 |   0.0 |   0.0 | 217.8
               +-------+-------+-------+-------+-------+----------------------

Table legend:
 A = Kills in this place as a percentage of kills in entire the game.
 B = Kills by you in this place as a percentage of kills by you in the entire game.
 C = Kills by friends in this place as a percentage of kills by friends in the entire game.
 D = Other kills in this place as a percentage of other kills in the entire game.
 E = Experience gained in this place as a percentage of experience gained in the entire game.
 F = Experience gained in this place divided by the number of levels of this place that you have seen.
                   A       B       C       D       E      F
               +-------+-------+-------+-------+-------+----------------------
         Total | 100.0 | 100.0 |  -nan |  -nan | 100.0 | 204.8
       Dungeon | 100.0 | 100.0 |  -nan |  -nan | 100.0 | 204.8
               +-------+-------+-------+-------+-------+----------------------

Vault maps used:
D:1:      dpeg_arrival_refuge, st_stairs_11
D:2:      first_bread
D:3:      uniq_terence
D:5:      minmay_misc_feat_enclosed, minmay_misc_feat_diagonals,
          kennysheep_generic_room_4
D:6:      grunt_temple_overflow_growth_and_decay, temple_statues
D:7:      the_bakery, sigmund_army
D:8:      grunt_temple_overflow_open, serial_ice, serial_ice_o, serial_ice_m,
          serial_ice_i, serial_ice_c, serial_ice_d, kennysheep_another_room,
          kennysheep_generic_room_15
